 Dungeon Crawl Stone Soup version 0.30-a0-782-ge64f9170bb (console) character file.

Game seed: 13102011246517087294

9 rlgrobin the Sneak (level 2, -6/18 HPs)
             Began as a Deep Elf Delver on Feb 19, 2023.
             Was an Initiate of Dithmenos.
             Mangled by a wight
             ... wielding a +0 dire flail
              (12 damage)
             ... on level 5 of the Dungeon.
             The game lasted 00:02:46 (252 turns).

rlgrobin the Sneak (Deep Elf Delver)                 Turns: 252, Time: 00:02:46

Health: -6/18      AC:  3    Str:  9    XL:     2   Next: 3%
Magic:  4/4        EV: 12    Int: 14    God:    Dithmenos [......]
Gold:   73         SH:  0    Dex: 16    Spells: 1/1 levels left

rFire   . . .      SeeInvis .    a - +0 short sword
rCold   . . .      Faith    .    (no shield)
rNeg    . . .      Spirit   .    b - +0 leather armour
rPois   .          Reflect  .    (no helmet)
rElec   .          Harm     .    (no cloak)
rCorr   .          Rampage  .    (no gloves)
Will    .....                    (no boots)
Stlth   +++                      (no amulet)
HPRegen 0.23/turn                (no ring)
MPRegen 0.09/turn                (no ring)

@: brilliant
A: no striking features
a: Renounce Religion


You were on level 5 of the Dungeon.
You worshipped Dithmenos.
Dithmenos was noncommittal.
You visited 2 branches of the dungeon, and saw 3 of its levels.

You collected 73 gold pieces.

Inventory:

Hand Weapons
 a - a +0 short sword (weapon)
Armour
 b - a +0 leather armour (worn)
Wands
 g - a wand of digging (3)
Scrolls
 c - a scroll of fog
 e - a scroll of fear
Potions
 d - a potion of brilliance


   Skills:
 - Level 2.4 Fighting
 - Level 2.0 Short Blades
 - Level 2.4 Dodging
 + Level 6.6 Stealth


You had one spell level left.
You didn't know any spells.
Your spell library was empty.

Dungeon Overview and Level Annotations

Branches:
Dungeon (5/15)             Temple (1/1) D:5

Altars:
Ashenzari
Cheibriados
Dithmenos
Elyvilon
Kikubaaqudgha
Makhleb
Nemelex Xobeh
Okawaru
Qazlal
Ru
Trog
Uskayaw
Vehumet
Wu Jian
Yredelemnul
Zin
The Shining One

Shops:
D:5 ?


Message History

You hit the adder.
You kill the adder!
Dithmenos accepts your kill.
You have reached level 2!
You now have 56 gold pieces (gained 19).
Found 5 stones.
A scorpion comes into view.
An orc comes into view. It is wielding a +0 dagger.
Found 4 poisoned darts.
The orc shouts!
The scorpion stings you.
An ice beast comes into view.
Found 17 gold pieces.
Found 7 gold pieces.
You see here 17 gold pieces.
A wight comes into view. It is wielding a +3 scimitar.
A wight comes into view. It is wielding a +0 great sword.
Found a stone staircase leading up.
There is a stone staircase leading down here.
An ogre comes into view. It is wielding a +0 giant spiked club.
Your extra speed is starting to run out.
You now have 73 gold pieces (gained 17).
You feel yourself slow down.
A wight comes into view. It is wielding a +0 morningstar.
A wight comes into view. It is wielding a +0 dire flail.
You hit the wight.
The wight is lightly damaged.
The wight closely misses you.
Okay, then.
The wight barely misses you.
You hit the wight but do no damage.
The wight is lightly damaged.
The wight barely misses you.
The wight hits you with a +0 great sword!
Ouch! That really hurt!
You closely miss the wight.
The wight is lightly damaged.
The wight hits you with a +0 dire flail!
Ouch! That really hurt!
You die...

.......######## *,* *,*
##.......s....# *,* *,*
.#.###.######.# *,* **,** .#.#
#s# #.# *,* *,,,***** .#.# #.#
#.# *,* *,,,,,,,, .#.# #.# #z#
*,***,,,***** .#.###.######.#
*,**,,,,,,,,,
....##......$.#######.#*,********
..............sz@z.z..#*,*
....#########.######..#*,* .#.##
#.# *,*#*,* ...########*#.# *,*
*,* ......o..Y.,..# **,***,*
#(########.,..# **,,,**,* ....*
**,#### *,*,,,,,* ****** #.#.#
**,,,** **,,,**** *,,,,,
(.#.#***,,,,,*******,** *,****


You could see a scorpion and 3 wights.

Vanquished Creatures
  An adder (D:5)
1 creature vanquished.

Notes
Turn   | Place    | Note
-------+----------+-------------------------------------------
     0 | D:5      | rlgrobin the Deep Elf Delver began the quest for the Orb.
     0 | D:5      | Reached XP level 1. HP: 13/13 MP: 3/3
    11 | D:4      | Noticed an orc warrior
    11 | D:4      | Noticed an orc priest
    54 | D:5      | Noticed a scorpion
    59 | D:5      | Found a staircase to the Ecumenical Temple.
    64 | Temple   | Entered the Ecumenical Temple
    64 | Temple   | Found a transporter.
    64 | Temple   | Found a transporter.
    66 | Temple   | Found a transporter.
    66 | Temple   | Found a transporter.
    97 | Temple   | Became a worshipper of Dithmenos the Shadowed
   194 | D:5      | Reached XP level 2. HP: 9/18 MP: 4/4
   199 | D:5      | Noticed a scorpion
   206 | D:5      | Noticed an ice beast
   217 | D:5      | Noticed a wight
   218 | D:5      | Noticed a wight
   230 | D:5      | Noticed an ogre
   244 | D:5      | Noticed a wight
   245 | D:5      | Noticed a wight
   252 | D:5      | Mangled by a wight

Illustrated notes

Levels and vault maps discovered:
D:4:      layout_gridville
D:5:      layout_loops_ring, temple_doors_cd, serial_shops,
          nicolae_stop_n_shop_2, uniq_blork_the_orc
Temple:   hellmonk_temple_divided_pantheon

Action                     || total
---------------------------++-------
  Melee: Short sword       ||    19
    Use: Potion            ||     2
         Scroll            ||     1
 Armour: Leather armour    ||     5
  Dodge: Dodged            ||    13

Table legend: (Time is in decaauts)
 A = Elapsed time spent in this place.
 B = Non-inter-level travel time spent in this place.
 C = Inter-level travel time spent in this place.
 D = Time resting spent in this place.
 E = Time spent auto-exploring this place.
 F = Levels seen in this place.
 G = Mean time per level.
                   A        B        C        D        E       F      G
               +--------+--------+--------+--------+--------+-----+--------+
         Total |    232 |    232 |      0 |      0 |      6 |   3 |   77.3 |
       Dungeon |    184 |    184 |      0 |      0 |      0 |   2 |   92.0 |
        Temple |     47 |     47 |      0 |      0 |      6 |   1 |   47.0 |
               +--------+--------+--------+--------+--------+-----+--------+

Top non-repeatable levels by time:
     D:5: 180 daAuts
  Temple: 47 daAuts
     D:4: 4 daAuts
